 Dungeon Crawl Stone Soup version 0.26-a0-438-g4b1dca4f87 (webtiles) character file.

Game seed: 17439289077440786370

239623 MrRokkomies the Spry (level 18, -3/163 HPs)
             Began as a Demigod Wanderer on July 26, 2020.
             Killed from afar by a deep elf annihilator (32 damage)
             ... with a bolt of lightning
             ... summoned by a boggart
             ... on level 2 of the Vaults.
             The game lasted 01:59:41 (40338 turns).

MrRokkomies the Spry (Demigod Wanderer)            Turns: 40338, Time: 01:59:42

Health: -3/163     AC: 25    Str: 26    XL:     18   Next: 33%
Magic:  21/21      EV: 19    Int: 24    God:
Gold:   1938       SH:  0    Dex: 17    Spells: 11/17 levels left

rFire    . . .     SeeInvis .   a - +9 lajatang (elec)
rCold    . . .     Faith    .   (shield currently unavailable)
rNeg     . . .     Spirit   .   E - +3 chain mail of Hauqigikk {Str+4}
rPois    +         Reflect  .   Z - +1 helmet "Pina" {Harm Int+3 Dex+2 Slay+3}
rElec    .         Harm     +   m - +2 cloak {rPois}
rCorr    .                      v - +0 pair of gloves
MR       ++...                  j - +1 pair of boots
Stlth    ..........             L - amulet of regeneration
HPRegen  0.77/turn              k - +4 ring of slaying
MPRegen  0.17/turn              R - ring of protection from magic

@: very slightly contaminated
A: high mp 1
}: 1/15 runes: serpentine
a: no special abilities


You were on level 2 of the Vaults.
You visited 6 branches of the dungeon, and saw 33 of its levels.
You also visited: Sewer.

You collected 3301 gold pieces.
You spent 1363 gold pieces at shops.

Inventory:

Hand Weapons
 a - a +9 lajatang of electrocution (weapon)
 w - the +10 morningstar "Eos" {elec, Halo rElec}
   (You found it on level 11 of the Dungeon)

   Occasionally, upon striking a foe, it will discharge some electrical energy
   and cause terrible harm.
   It insulates you from electricity.
Missiles
 F - 13 curare-tipped darts (quivered)
 Y - 449 arrows
Armour
 j - a +1 pair of boots (worn)
 m - a +2 cloak of poison resistance (worn)
 v - a +0 pair of gloves (worn)
 E - the +3 chain mail of Hauqigikk (worn) {Str+4}
   (You found it on level 7 of the Dungeon)

   It affects your strength (+4).
 Z - the +1 helmet "Pina" (worn) {Harm Int+3 Dex+2 Slay+3}
   (You bought it in a shop on level 2 of the Orcish Mines)

   It affects your intelligence (+3).
   It affects your dexterity (+2).
   It affects your accuracy and damage with ranged weapons and melee attacks
   (+3).
   It increases damage dealt and taken.
Jewellery
 f - an uncursed ring of fire
 k - a +4 ring of slaying (left hand)
 y - the ring "Usaemee" {+Inv +Fly Str+6}
   (You acquired it on level 15 of the Dungeon)

   [ring of strength]

   It affects your strength (+6).
   It lets you turn invisible.
   It lets you fly.
 A - an uncursed ring of positive energy
 C - an uncursed ring of resist corrosion
 H - a +4 ring of protection
 J - an uncursed ring of ice
 L - an amulet of regeneration (around neck)
 R - a ring of protection from magic (right hand)
 S - a +4 ring of evasion
Wands
 b - a wand of paralysis (14)
 e - a wand of disintegration (28)
 u - a wand of polymorph (40)
 K - a wand of flame (21)
 M - a wand of iceblast (47)
 Q - a wand of digging (3)
 X - a wand of clouds (6)
Scrolls
 h - 13 scrolls of immolation
 i - 4 scrolls of fear
 l - 2 scrolls of blinking
 r - 5 scrolls of remove curse
 s - 7 scrolls of amnesia
 t - 6 scrolls of fog
 x - a scroll of brand weapon
 D - 7 scrolls of teleportation
 I - 5 scrolls of enchant armour
 T - 2 scrolls of magic mapping
 V - 9 scrolls of identify
Potions
 c - 16 potions of curing
 d - 2 potions of stabbing
 g - 10 potions of mutation
 n - a potion of berserk rage
 o - 7 potions of lignification
 p - 3 potions of heal wounds
 q - a potion of cancellation
 z - 6 potions of flight
 B - a potion of resistance
 G - 4 potions of brilliance
 N - 3 potions of magic
 O - 4 potions of ambrosia
 P - 3 potions of haste


   Skills:
 - Level 15.0 Fighting
 - Level 14.0 Staves
 - Level 12.0 Armour
 * Level 15.5 Dodging
 - Level 10.0 Summonings
 - Level 5.0 Air Magic
 - Level 12.0 Evocations


You had 11 spell levels left.
You knew the following spells:

 Your Spells              Type           Power        Failure   Level
a - Blink                 Tloc           N/A          67%         2
b - Summon Lightning Spi  Summ/Air       #####...     28%         4

Your spell library contained the following spells:

 Spells                   Type           Power        Failure   Level
 Summon Small Mammal      Summ           ####         1%          1
 Call Imp                 Summ           #####...     1%          2
 Call Canine Familiar     Summ           #####...     3%          3
 Swiftness                Air            ###.....     12%         2
 Summon Guardian Golem    Hex/Summ       ###.....     24%         3
 Corona                   Hex            #......      54%         1
 Freeze                   Ice            #...         54%         1
 Magic Dart               Conj           #...         54%         1
 Pain                     Necr           #...         54%         1
 Sandblast                Erth           #.....       54%         1
 Summon Ice Beast         Ice/Summ       ###.....     63%         4
 Ensorcelled Hibernation  Hex/Ice        #.....       67%         2
 Passwall                 Tmut/Erth      #.......     67%         2
 Searing Ray              Conj           #.....       67%         2
 Slow                     Hex            #.......     67%         2
 Mephitic Cloud           Conj/Pois/Air  #.......     69%         3
 Confusing Touch          Hex            #.......     88%         3
 Conjure Flame            Conj/Fire      #.......     88%         3
 Dazzling Flash           Conj/Hex       #.....       88%         3
 Frozen Ramparts          Ice            #.....       88%         3
 Ozocubu's Armour         Ice            #.......     88%         3
 Stone Arrow              Conj/Erth      #.....       88%         3
 Tukima's Dance           Hex            #.......     88%         3
 Animate Dead             Necr           #.........   99%         4
 Fulminant Prism          Conj/Hex       #.........   99%         4
 Hailstorm                Conj/Ice       #.......     99%         4
 Iskenderun's Mystic Bla  Conj/Tloc      #.......     99%         4
 Passage of Golubria      Tloc           N/A          99%         4
 Petrify                  Tmut/Erth      #.......     99%         4
 Bolt of Magma            Conj/Fire/Erth #.........   100%        5
 Borgnjor's Vile Clutch   Necr/Erth      #.........   100%        5
 Excruciating Wounds      Necr           #.........   100%        5
 Lee's Rapid Deconstruct  Erth           #.........   100%        5
 Death Channel            Necr           #.........   100%        6
 Invisibility             Hex            #.......     100%        6
 Simulacrum               Ice/Necr       #.........   100%        6


Dungeon Overview and Level Annotations

Branches:
Dungeon (15/15)            Temple (0/1) D:7            Lair (6/6) D:10
  Swamp (4/4) Lair:4        Snake (4/4) Lair:4        Slime (0/5) Lair:5
    Orc (2/2) D:9             Elf (0/3) Orc:2        Vaults (2/5) D:13
  Crypt (0/3) Vaults:2     Depths (0/5) D:15          Sewer (visited)

Shops:
D:9 }*   D:12 !   D:14 :   Orc:2 [:![[(*   Snake:3 !

Annotations:
Lair:5 1 runed translucent door, martbhell's ghost, journeyman MiBe
Swamp:3 2 transporters, Elizilla's ghost, adept FoFi
Swamp:4 Lernaean hydra
Snake:2 3 runed translucent doors, Isuad's ghost, journeyman FoWz; Pesoho's ghost, adept HuWn; Rusicuid's ghost, adept DEIE; Ukiuroaf's ghost, adept DrWz
Snake:4 1 exclusion
Abyss:1 Josephine


Innate Abilities, Weirdness & Mutations

You have an increased reservoir of magic. (+10% MP)


Message History

The deep elf mage casts a spell.
The deep elf annihilator closely misses you.
The boggart hits you but does no damage.
The deep elf mage is struck by lightning.
You hear a deafening roar!
You hear a shout! x4
You slice the boggart!! Lightning courses through the boggart!
You kill the boggart!
The deep elf annihilator gestures at you while chanting.
The crystal spear hits you!!!!
Ouch! That really hurt!
* * * LOW HITPOINT WARNING * * *
Press: ? - help, Dir - move target cursor You are very lightly contaminated with residual magic.
As you read the scroll of blinking, it crumbles to dust.
An ice dragon comes into view.
The deep elf archer gestures at you while chanting.
You resist with almost no effort.
The deep elf annihilator casts a spell at you.
The bolt of lightning hits you!!
You die...

#......# #...>..# #..#
#......# +..# #......# #..#
######## #..# # #..###### #
#.......[ # #....D...
################@#########+###
..............................
....................§e(C.T....
...................e.(........
......)............(.(........
......).............§§)..p....
########)############§####....
#........# Ce3. ....
#........# g*.. ...


You could see an ice dragon, a deep elf annihilator (summoned), a deep elf
archer (summoned, repels missiles), a cyclops, a deep elf mage (summoned) and a
smoke demon (summoned).

Vanquished Creatures
  Vashnia (Snake:2)
  Jorgrun (D:14)
  Rupert (D:13)
  3 thorn hunters (Swamp:3)
  Kirke (Swamp:2)
  12 nagarajas
  Louise (Swamp:4)
  Aizul (Snake:2)
  5 vault wardens (Vaults:1)
  4 ironheart preservers
  2 stone giants
  2 entropy weavers (Vaults:2)
  A very ugly thing (Swamp:1)
  Snorg (Orc:2)
  A fire dragon (Vaults:2)
  3 vault guards (Vaults:1)
  5 ogre magi
  A yaktaur captain (Vaults:2)
  21 hydras
  5 catoblepae
  3 shambling mangroves (Swamp:3)
  15 naga warriors
  7 anacondas
  12 two-headed ogres
  6 centaur warriors
  12 alligators
  12 death yaks
  An orc high priest (Orc:1)
  2 tengu warriors
  3 shock serpents
  18 naga sharpshooters
  Sonja (D:11)
  Nergalle (D:10)
  7 sea snakes (Snake:4)
  2 salamander mystics
  2 unseen horrors
  A wizard (D:15)
  8 swamp dragons
  An ironbrand convoker (Vaults:1)
  A spriggan druid (Swamp:3)
  9 naga ritualists
  A deep elf archer (Vaults:2)
  5 mana vipers
  An orb spider (shapeshifter) (Vaults:1)
  An oklob plant (Snake:3)
  6 orc knights
  A mana viper (shapeshifter) (D:9)
  A wolf spider (Vaults:1)
  10 deep elf magi
  3 orc sorcerers (Orc:2)
  6 elephants (Lair:6)
  3 manticores
  8 salamanders
  4 cyclopes
  2 centaur zombies
  19 ugly things
  A guardian serpent (Snake:4)
  17 black mambas
  A guardian serpent (shapeshifter) (Vaults:2)
  5 vault sentinels (Vaults:1)
  31 naga magi
  Maurice (D:8)
  Psyche (D:9)
  2 gargoyles
  24 cane toads
  An efreet (D:13)
  2 rime drakes
  3 tengu conjurers (D:15)
  A freezing wraith (D:15)
  5 yaktaurs (Vaults:1)
  2 komodo dragons
  A queen bee (D:11)
  16 hornets
  A polar bear (Lair:3)
  A harpy zombie (D:14)
  6 trolls
  A troll (shapeshifter) (D:4)
  7 tyrant leeches
  17 blink frogs
  8 bog bodies
  Prince Ribbit (D:9)
  7 dream sheep (Lair:6)
  2 meliai zombies
  11 slime creatures
  6 hippogriffs
  Sigmund (D:2)
  3 redbacks (Vaults:2)
  3 shadows
  A tarantella (shapeshifter) (Lair:2)
  41 yaks
  A vampire (D:15)
  7 spriggans
  5 wyverns
  A redback (shapeshifter) (Lair:2)
  6 wraiths
  13 vampire mosquitoes
  6 basilisks
  8 swamp worms
  2 soldier ants
  5 wargs
  3 acid dragons
  26 insubstantial wisps
  59 nagas
  Duvessa (D:5)
  11 water moccasins
  9 porcupines
  4 black bears
  2 ice beasts
  24 orc warriors
  A sky beast (D:12)
  11 swamp drakes
  A hornet zombie (D:14)
  24 wolves
  A phantom (D:12)
  2 boggarts (Vaults:2)
  20 ogres
  2 eyes of draining
  5 centaurs
  8 crocodiles
  4 big kobolds
  18 bullfrogs
  A human simulacrum (Vaults:1)
  2 wyvern skeletons
  5 scorpions
  Dowan (D:5)
  27 killer bees
  3 wights (D:10)
  A quasit (D:13)
  3 bullfrog zombies
  8 hounds
  Crazy Yiuf (D:2)
  4 centaur skeletons
  5 jellies
  15 orc priests
  13 orc wizards
  Jessica (D:2)
  2 bullfrog skeletons
  2 iguanas
  Natasha (twice) (D:3)
  11 worker ants
  A howler monkey zombie (D:6)
  2 howler monkey skeletons (D:8)
  A worker ant zombie (D:9)
  5 gnolls
  11 adders
  3 river rats (Sewer)
  A shadow imp (D:10)
  A white imp (D:6)
  2 ufetubi (D:5)
  An ooze (D:7)
  An adder skeleton (D:8)
  2 adder zombies
  4 worms
  3 dart slugs
  10 leopard geckos
  53 orcs
  5 bats
  7 giant cockroaches
  7 goblins
  8 hobgoblins
  9 jackals
  7 quokkas
  A ball python (D:2)
  6 frilled lizards
  26 kobolds
  14 rats
  12 briar patches (Swamp:3)
  2 plants
1100 creatures vanquished.

Vanquished Creatures (collateral kills)
  Asterion (Snake:4)
1 creature vanquished.

Vanquished Creatures (others)
  Nikola (Swamp:3)
  2 humans (Swamp:2)
  A wolf (Lair:3)
  A bullfrog (D:7)
  An orc (D:4)
  A briar patch (Swamp:3)
  11 fungi
  69 plants
  2 withered plants (Snake:2)
89 creatures vanquished.

Grand Total: 1190 creatures vanquished

Notes
Turn   | Place    | Note
-------+----------+-------------------------------------------
     0 | D:1      | MrRokkomies the Demigod Wanderer began the quest for the
                  | Orb.
     0 | D:1      | MrRokkomies set off with the following items: a +0
                  | quarterstaff, a wand of paralysis (15), a potion of curing,
                  | a +0 robe
     0 | D:1      | Reached XP level 1. HP: 18/18 MP: 3/3
   366 | D:1      | Reached XP level 2. HP: 23/25 MP: 4/4
   401 | D:1      | Reached skill level 1 in Staves
   722 | D:1      | Reached XP level 3. HP: 31/31 MP: 5/5
  1188 | D:2      | Found a glowing silver altar of Zin.
  1360 | D:2      | Found a runed translucent door.
  1361 | D:2      | Noticed Crazy Yiuf
  1367 | D:2      | Killed Crazy Yiuf
  1367 | D:2      | Reached XP level 4. HP: 23/38 MP: 6/6
  1582 | D:2      | Noticed Sigmund
  1588 | D:2      | Killed Sigmund
  1588 | D:2      | Reached XP level 5. HP: 46/46 MP: 7/7
  1753 | D:2      | Noticed Jessica
  1760 | D:2      | Killed Jessica
  1998 | D:2      | Found a radiant altar of Vehumet.
  2027 | D:3      | Found a basalt altar of Yredelemnul.
  2074 | D:3      | Noticed Natasha
  2079 | D:3      | Killed Natasha
  2108 | D:3      | Found an ornate altar of the Wu Jian Council.
  2226 | D:3      | Found a snail-covered altar of Cheibriados.
  2353 | D:3      | Reached XP level 6. HP: 51/52 MP: 8/8
  2458 | D:3      | Found an iron altar of Okawaru.
  2461 | D:3      | Found a hide-covered altar of Uskayaw.
  2464 | D:3      | Found a basalt altar of Yredelemnul.
  2514 | D:3      | Noticed Natasha
  2523 | D:3      | Killed Natasha
  2680 | D:4      | Noticed a shapeshifter
  2680 | D:4      | an ogre changed into a shapeshifter
  2680 | D:4      | Noticed a troll
  2680 | D:4      | a shapeshifter changed into a troll
  2687 | D:4      | Killed a troll
  2687 | D:4      | Reached skill level 5 in Fighting
  2687 | D:4      | Reached XP level 7. HP: 30/61 MP: 4/9
  2767 | D:4      | Found a shattered altar of Ashenzari.
  2897 | D:4      | Got a serpentine pewter ring
  2898 | D:4      | Identified the ring of Exurav {Wiz rF- MR+ Dex+3} (You
                  | found it on level 4 of the Dungeon)
  2992 | D:4      | Found a glowing drain.
  3021 | Sewer    | Entered a sewer
  3218 | Sewer    | Found a white marble altar of Elyvilon.
  3517 | D:4      | Found a hazy altar of Hepliaklqana.
  3661 | D:5      | Entered Level 5 of the Dungeon
  3661 | D:5      | Found a bloodstained altar of Trog.
  3705 | D:5      | Found a glowing golden altar of the Shining One.
  4002 | D:5      | Reached XP level 8. HP: 51/70 MP: 10/10
  4008 | D:5      | Reached skill level 5 in Staves
  4205 | D:5      | Noticed Dowan
  4212 | D:5      | Noticed Duvessa
  4219 | D:5      | Killed Dowan
  4229 | D:5      | Killed Duvessa
  5388 | D:6      | Found a shimmering altar of Xom.
  5423 | D:6      | Reached skill level 5 in Dodging
  5768 | D:7      | Noticed a hippogriff
  5777 | D:7      | Killed a hippogriff
  6019 | D:7      | Found a snail-covered altar of Cheibriados.
  6145 | D:7      | Reached XP level 9. HP: 79/79 MP: 11/11
  6391 | D:7      | Got a warped chain mail
  6402 | D:7      | Identified the +3 chain mail of Hauqigikk {Str+4} (You
                  | found it on level 7 of the Dungeon)
  6603 | D:7      | Found a staircase to the Ecumenical Temple.
  6607 | D:7      | Learned a level 2 spell: Blink
  7000 | D:8      | Noticed Maurice
  7136 | D:8      | Killed Maurice
  7136 | D:8      | Reached skill level 5 in Evocations
  7248 | D:8      | Found an ancient bone altar of Kikubaaqudgha.
  7262 | D:8      | Noticed a two-headed ogre
  7273 | D:8      | Killed a two-headed ogre
  7417 | D:8      | Found an opulent altar of Gozag.
  7911 | D:8      | Learned a level 4 spell: Summon Lightning Spire
  7938 | D:9      | Noticed Psyche
  7945 | D:9      | Killed Psyche
  8136 | D:9      | Noticed a glowing shapeshifter
  8136 | D:9      | Noticed a mana viper
  8136 | D:9      | a glowing shapeshifter changed into a mana viper
  8143 | D:9      | Killed a mana viper
  8393 | D:9      | Reached XP level 10. HP: 90/90 MP: 13/13
  8478 | D:9      | Found Lesudd's General Store.
  8534 | D:9      | Found a staircase to the Orcish Mines.
  8674 | D:9      | Noticed Prince Ribbit
  8689 | D:9      | Killed Prince Ribbit
  8869 | D:9      | Found Feuk's Gadget Boutique.
  9027 | D:10     | Entered Level 10 of the Dungeon
  9147 | D:10     | Killed an unseen horror
 10319 | D:10     | Found a staircase to the Lair.
 10436 | D:10     | Noticed Nergalle
 10462 | D:10     | Killed Nergalle
 10462 | D:10     | Reached skill level 10 in Fighting
 10743 | Lair:1   | Entered Level 1 of the Lair of Beasts
 10765 | Lair:1   | Reached skill level 5 in Armour
 11176 | Lair:1   | Reached skill level 1 in Summonings
 11176 | Lair:1   | Reached XP level 11. HP: 99/99 MP: 14/14
 11700 | D:10     | Reached skill level 10 in Staves
 12528 | Lair:2   | Noticed a four-headed hydra
 12558 | Lair:2   | Killed a four-headed hydra
 12946 | Lair:2   | Noticed a death drake
 12946 | Lair:2   | a glowing shapeshifter changed into a death drake
 12947 | Lair:2   | Noticed a two-headed ogre
 12947 | Lair:2   | a death drake changed into a two-headed ogre
 12951 | Lair:2   | Noticed a swamp dragon
 12951 | Lair:2   | a two-headed ogre changed into a swamp dragon
 12954 | Lair:2   | a swamp dragon changed into a glowing shapeshifter
 13266 | Lair:2   | Noticed an eight-headed hydra
 13276 | Lair:2   | Killed an eight-headed hydra
 14589 | Lair:3   | Noticed a seven-headed hydra
 14595 | Lair:3   | Killed a seven-headed hydra
 14619 | Lair:3   | Reached XP level 12. HP: 57/106 MP: 15/15
 15333 | Lair:3   | Noticed an eight-headed hydra
 15340 | Lair:3   | Killed an eight-headed hydra
 15476 | Lair:3   | You fall into a shaft and drop 2 floors!
 16186 | Lair:4   | Found a staircase to the Snake Pit.
 16217 | Lair:4   | Found a staircase to the Swamp.
 17233 | Lair:5   | Noticed Josephine
 17254 | Lair:5   | Banished Josephine
 17254 | Lair:5   | Reached skill level 5 in Summonings
 17282 | Lair:5   | Found a runed translucent door.
 17282 | Lair:5   | Found a shimmering altar of Xom.
 17282 | Lair:5   | Noticed martbhell's ghost (journeyman MiBe)
 17282 | Lair:5   | Identified the cursed +1 great sword "Javadygau" {chaos,
                  | Str+2}
 17533 | Lair:5   | Found a viscous altar of Jiyva.
 17534 | Lair:5   | Found a staircase to the Slime Pits.
 17936 | Lair:6   | Entered Level 6 of the Lair of Beasts
 17936 | Lair:6   | Noticed a four-headed hydra
 17945 | Lair:6   | Killed a four-headed hydra
 17945 | Lair:6   | Noticed a five-headed hydra
 17980 | Lair:6   | Noticed a catoblepas
 18298 | Lair:6   | Killed a catoblepas
 18368 | Lair:6   | Killed a five-headed hydra
 18468 | Lair:6   | Reached XP level 13. HP: 108/113 MP: 16/16
 18622 | Lair:6   | Reached skill level 10 in Armour
 19987 | D:9      | Bought 2 scrolls of enchant weapon for 225 gold pieces
 19987 | D:9      | Bought a scroll of enchant weapon for 112 gold pieces
 20015 | Orc:1    | Entered Level 1 of the Orcish Mines
 20310 | Orc:2    | Entered Level 2 of the Orcish Mines
 20341 | Orc:2    | Noticed Snorg
 20355 | Orc:2    | Killed Snorg
 20790 | Orc:2    | Noticed an orc warlord
 20791 | Orc:2    | Noticed a stone giant
 20791 | Orc:2    | an orc warlord changed into a stone giant
 20808 | Orc:2    | Killed a stone giant
 20908 | Orc:2    | Found Vicleps's General Store.
 21196 | Orc:2    | Found Fohump's Antique Weapon Emporium.
 21726 | Orc:2    | Found Fadeuz's Antique Armour Shoppe.
 21804 | Orc:2    | Bought a glowing hat for 182 gold pieces
 21812 | Orc:2    | Found Cegreh's Distillery.
 21817 | Orc:2    | Found Copp's Antique Armour Shop.
 21832 | Orc:2    | Bought a pair of buzzing gloves for 294 gold pieces
 21842 | Orc:2    | Identified the +1 pair of gloves "Uphiyck" {-Cast -Tele rF+
                  | rC+++ MR+} (You bought it in a shop on level 2 of the
                  | Orcish Mines)
 21926 | Orc:2    | Found Ekarokh's Antique Armour Boutique.
 21934 | Orc:2    | Bought an ichor-stained chain mail for 275 gold pieces
 21934 | Orc:2    | Bought a polished helmet for 275 gold pieces
 21944 | Orc:2    | Identified the cursed +0 chain mail "Yloniqef" {+Blink
                  | rPois MR- Dex+5} (You bought it in a shop on level 2 of the
                  | Orcish Mines)
 21955 | Orc:2    | Identified the +1 helmet "Pina" {Harm Int+3 Dex+2 Slay+3}
                  | (You bought it in a shop on level 2 of the Orcish Mines)
 21955 | Orc:2    | Found Momnoynanu's Book Shop.
 21963 | Orc:2    | Found a staircase to the Elven Halls.
 22924 | D:11     | Noticed Sonja
 22936 | D:11     | Killed Sonja
 23007 | D:11     | Found the +10 morningstar "Eos" {elec, Halo rElec}
 23035 | D:11     | Identified the Compendium of the Snail
 23108 | D:11     | Reached XP level 14. HP: 119/121 MP: 17/17
 23535 | D:12     | Found Xang's Distillery.
 24194 | D:13     | Noticed Rupert
 24197 | D:13     | Paralysed by Rupert for 5 turns
 24207 | D:13     | Killed Rupert
 24853 | D:13     | Found a gate to the Vaults.
 25058 | D:14     | Noticed Jorgrun
 25072 | D:14     | Killed Jorgrun
 25156 | D:14     | Found a sparkling altar of Nemelex Xobeh.
 25216 | D:14     | Found Peph's Book Emporium.
 25546 | D:14     | Found a white marble altar of Elyvilon.
 25564 | D:14     | Reached skill level 1 in Air Magic
 25572 | D:14     | Reached skill level 10 in Dodging
 25690 | D:15     | Entered Level 15 of the Dungeon
 25789 | D:15     | Identified a scroll of acquirement
 25789 | D:15     | Acquired the ring "Usaemee" {+Inv +Fly Str+6}
 26464 | D:15     | Found a staircase to the Depths.
 26951 | Swamp:1  | Entered Level 1 of the Swamp
 26967 | Swamp:1  | Reached XP level 15. HP: 68/126 MP: 18/18
 28314 | Swamp:2  | Noticed Kirke
 28329 | Swamp:2  | Killed Kirke
 29053 | Swamp:3  | Noticed a thorn hunter
 29063 | Swamp:3  | Noticed Elizilla's ghost (adept FoFi)
 29071 | Swamp:3  | Noticed a thorn hunter
 29083 | Swamp:3  | Killed a thorn hunter
 29142 | Swamp:3  | Found a transporter.
 29145 | Swamp:3  | Found a transporter.
 29526 | Swamp:3  | Noticed a thorn hunter
 29990 | Swamp:3  | Killed a thorn hunter
 30266 | Swamp:4  | Entered Level 4 of the Swamp
 30266 | Swamp:4  | Identified the +1 pair of gloves "Abroih" {Harm rC+}
 30266 | Swamp:4  | Noticed Nikola
 30266 | Swamp:4  | Noticed a thorn hunter
 30293 | Swamp:3  | Killed Nikola
 30293 | Swamp:3  | Reached skill level 5 in Air Magic
 30315 | Swamp:3  | Killed a thorn hunter
 30938 | Swamp:4  | Reached XP level 16. HP: 111/138 MP: 19/19
 31067 | Swamp:4  | Noticed Louise
 31088 | Swamp:4  | Killed Louise
 31254 | Swamp:4  | Reached skill level 10 in Evocations
 31609 | Swamp:4  | Noticed the 27-headed Lernaean hydra
 31674 | Snake:1  | Entered Level 1 of the Snake Pit
 31727 | Snake:1  | Reached skill level 10 in Summonings
 32800 | Snake:2  | Found a runed translucent gate.
 32891 | Snake:2  | Found a runed translucent gate.
 32891 | Snake:2  | Found a runed translucent gate.
 32893 | Snake:2  | Noticed Pesoho's ghost (adept HuWn)
 32893 | Snake:2  | Noticed Isuad's ghost (journeyman FoWz)
 32894 | Snake:2  | Noticed Ukiuroaf's ghost (adept DrWz)
 32894 | Snake:2  | Noticed Rusicuid's ghost (adept DEIE)
 32957 | Snake:2  | Noticed Aizul
 32972 | Snake:2  | Killed Aizul
 33459 | Snake:2  | Noticed Vashnia
 33469 | Snake:2  | Killed Vashnia
 34323 | Snake:3  | Found Raghiar's Distillery.
 34742 | Snake:3  | Found a snail-covered altar of Cheibriados.
 35082 | Snake:4  | Entered Level 4 of the Snake Pit
 35396 | Snake:4  | Reached XP level 17. HP: 141/151 MP: 14/20
 36406 | Snake:4  | Reached skill level 15 in Fighting
 37642 | Snake:4  | Got a serpentine rune of Zot
 37681 | Snake:4  | Noticed Asterion
 37713 | Snake:4  | Killed Asterion
 38242 | Vaults:1 | Entered Level 1 of the Vaults
 39070 | Vaults:1 | Reached XP level 18. HP: 143/163 MP: 21/21
 40016 | Vaults:2 | Found a staircase to the Crypt.
 40018 | Vaults:2 | Reached skill level 15 in Dodging
 40338 | Vaults:2 | Killed from afar by a deep elf annihilator

Illustrated notes

Levels and vault maps discovered:
D:1:      tarquinn_simple_flora_water_f, layout_basic,
          chequers_serial_rivers_room_a
D:2:      layout_loops_cross, lemuel_coloured_pillars_altar, marbit_many_paths,
          uniq_crazy_yiuf_cottage, uniq_jessica, uniq_sigmund
D:3:      minmay_spotlight, layout_rooms, lemuel_crystal_altar,
          cheibriados_altar_1, grunt_temple_overflow_diamond,
          supply_closet_lemuel, yredelemnul_altar_generic, uniq_natasha
D:4:      layout_basic, ashenzari_altar_1, kennysheep_mini_moat,
          cheibrodos_sewer_entry_bend
D:5:      layout_basic, lemuel_crystal_altar, kennysheep_mini, uniq_duvessa
D:6:      layout_basic, xom_teletrap_fun
D:7:      minmay_evil_eye, layout_layer_cave, temple_doors_e, basic_altar
D:8:      layout_cave_pools, kennysheep_little_box, old_standard_altar,
          serial_co_window_serial, co_window_paths_a, co_window_paths_b,
          co_window_of_opportunity_a, co_window_of_opportunity_a,
          co_window_paths_a, co_window_broadway_a, co_window_unsneaky_path_b,
          co_window_broadway_b, co_window_corner_b, co_window_unsneaky_path_a,
          co_window_unsneaky_path_c, co_window_paths_c, glass_columns_b,
          glass_columns_c, glass_columns_a, uniq_maurice
D:9:      layout_gridville, david_orc_3, serial_shops,
          nicolae_shop_window_shopping,
          nicolae_shop_competitors_out_of_business, uniq_psyche,
          uniq_prince_ribbit1
D:10:     layout_basic, grunt_lair_entry_orc_guard_hut, uniq_nergalle
D:11:     layout_gridville, minivault_7, uniq_sonja
D:12:     layout_roguey, serial_shops, nicolae_shop_statue_plus, serial_rivers,
          chequers_serial_rivers_micro_a, chequers_serial_rivers_large_b,
          chequers_serial_rivers_room_a, chequers_serial_rivers_room_b,
          chequers_serial_rivers_marsh, lemuel_flamethrower_hall
D:13:     layout_loops_ring, david_vaults_1, uniq_rupert
D:14:     layout_roguey, serial_shops,
          nicolae_shop_temple_entry_statues_fountains, elyvilon_altar_4,
          basic_altar, serial_glass, glass_columns_b, glass_columns_b,
          uniq_jorgrun
D:15:     grunt_enter_depths_magical_seal, layout_basic, hangedman_decor_points
Lair:1:   layout_concentric_octagons, infiniplex_staircase_pool
Lair:2:   layout_cave_pods
Lair:3:   layout_regular_city, grunt_megastairs_1
Lair:4:   layout_hall_layers, swamp_mist_pool, dummy_snake_entry,
          bh_autumn_forest_stairs
Lair:5:   layout_regular_city, slime_altar_1, ebering_ghost_xom,
          lemuel_fruit_tree, uniq_josephine
Lair:6:   evilmike_catoblepas_cave, layout_long_grid,
          grunt_forest_large_clearings
Swamp:1:  layout_falls_marsh, evilmike_swamp_ruin_house_1, swamp_pool3
Swamp:2:  layout_falls_marsh, evilmike_swamp_ruin_rubble_1, uniq_kirke
Swamp:3:  layout_basic_swamp, gammafunk_ghost_arena, hangedman_swamp_cone,
          swamp_pool4, nicolae_swamp_baby_hydras
Swamp:4:  swamp_basic_johnstein, layout_basic_swamp, uniq_louise, uniq_nikola
Snake:1:  layout_rooms, nicolae_snake_serpentine_hallways
Snake:2:  layout_layer_cave, gammafunk_ghost_cemetery, uniq_aizul, uniq_vashnia
Snake:3:  layout_rooms, serial_shops, shop, lemuel_oklob_altar
Snake:4:  snake_pit, layout_basic, serial_bayou, serial_bayou_lagoon_a,
          serial_bayou_shore_a, serial_bayou_crossing, serial_bayou_pond_a,
          serial_bayou_ford_a, uniq_asterion
Orc:1:    layout_caves
Orc:2:    grunt_orc_gardens, layout_caves, grunt_orc_garden, grunt_orc_garden,
          grunt_orc_garden, grunt_orc_garden, serial_shops,
          nicolae_shop_overgrown_old_shop, shop,
          nicolae_shop_competitors_out_of_business, uniq_snorg
Vaults:1: st_cells, vaults_standard_mumra_x, nicolae_vaults_three_branches,
          vaults_room_door_ring, vaults_dpeg_ring, nicolae_vaults_theta,
          nicolae_vaults_little_squares_6, nicolae_vaults_border_crossing,
          layout_vaults_quadrants
Vaults:2: nicolae_vaults_triangles, vaults_mumra_bighexcomb,
          nicolae_vaults_little_ls, v_rooms_3, grunt_vaults_funnel, v_misc_26,
          v_misc_3, hangedman_vaults_river_flow, nicolae_vaults_rhombus_6,
          vaults_room_door_ring, nicolae_vaults_little_squares_4,
          layout_vaults_ring

Skill      XL: |  1  2  3  4  5  6  7  8  9 10 11 12 13 14 15 16 17 18 |
---------------+-------------------------------------------------------+-----
Fighting       | 3 4 5 7 8 10 11 13 15 | 15.0
Staves         | 1 2 3 4 6 8 9 11 12 13 14 | 14.0
Evocations     | 2 3 4 5 6 9 12 | 12.0
Dodging        | 3 4 5 7 8 9 10 11 14 15 | 15.5
Armour         | 3 5 7 9 11 12 | 12.0
Summonings     | 1 3 5 7 8 9 10 | 10.0
Air Magic      | 2 5 |  5.0

Action                   |  1- 3 |  4- 6 |  7- 9 | 10-12 | 13-15 | 16-18 || total
-------------------------+-------+-------+-------+-------+-------+-------++-------
Melee: Quarterstaff      |   106 |    94 |   363 |   759 |       |       ||  1322
       Lajatang          |       |       |       |   104 |  1221 |   892 ||  2217
       Morningstar       |       |       |       |       |    53 |    41 ||    94
Throw: Dart              |       |     1 |    17 |    28 |    10 |       ||    56
Evoke: Wand              |     3 |     1 |     6 |    28 |     6 |     4 ||    48
       Phantom mirror    |       |       |       |       |     1 |       ||     1
  Use: Scroll            |     7 |     4 |    10 |    10 |    15 |    11 ||    57
       Potion            |       |       |     1 |     1 |     5 |     3 ||    10
 Stab: Paralysed         |     6 |     3 |     8 |    18 |       |       ||    35
       Confused          |       |     1 |       |       |     1 |       ||     2
       Petrifying        |       |       |     1 |     2 |       |       ||     3
       Petrified         |       |       |       |     4 |       |       ||     4
Armor: Robe              |     5 |       |       |       |       |       ||     5
       Ring mail         |    15 |       |     9 |       |       |       ||    24
       Scale mail        |    22 |    27 |    90 |       |       |       ||   139
       Chain mail        |       |       |    60 |   411 |   482 |   420 ||  1373
Dodge: Dodged            |    73 |    64 |   189 |   469 |   944 |   695 ||  2434
Block: Other             |       |       |    63 |    48 |   115 |       ||   226
       Reflection        |       |       |     3 |     1 |     4 |       ||     8

Table legend: (Time is in decaauts)
 A = Elapsed time spent in this place.
 B = Non-inter-level travel time spent in this place.
 C = Inter-level travel time spent in this place.
 D = Time resting spent in this place.
 E = Time spent auto-exploring this place.
 F = Levels seen in this place.
 G = Mean time per level.
                   A        B        C        D        E       F      G
               +--------+--------+--------+--------+--------+-----+--------+
         Total |  39930 |  38345 |   1585 |   9054 |  21908 |  34 | 1174.4 |
       Dungeon |  15469 |  14738 |    731 |   2147 |   9785 |  15 | 1031.3 |
          Lair |   9043 |   8509 |    534 |   2205 |   4749 |   6 | 1507.2 |
         Swamp |   4794 |   4687 |    107 |   1546 |   2308 |   4 | 1198.5 |
     Snake Pit |   6235 |   6144 |     91 |   2168 |   2614 |   4 | 1558.8 |
  Orcish Mines |   2130 |   2052 |     78 |    503 |   1146 |   2 | 1065.0 |
        Vaults |   1990 |   1949 |     41 |    383 |   1188 |   2 |  995.0 |
         Sewer |    267 |    267 |      0 |    100 |    116 |   1 |  267.0 |
               +--------+--------+--------+--------+--------+-----+--------+

Top non-repeatable levels by time:
  Lair:3: 2406 daAuts
 Snake:4: 2152 daAuts
    D:10: 2097 daAuts
 Swamp:3: 2026 daAuts
  Lair:6: 1691 daAuts
 Snake:2: 1636 daAuts
 Snake:3: 1568 daAuts
Vaults:1: 1518 daAuts
     D:5: 1483 daAuts
  Lair:2: 1468 daAuts
  Lair:1: 1456 daAuts
     D:7: 1358 daAuts
   Orc:2: 1198 daAuts
     D:9: 1155 daAuts
     D:1: 1145 daAuts
